Map: Ephemeron LE

Players

NORTHAMERICA - Winner!

  • Race: Protoss Protoss
  • League: Grandmaster
  • Spawn Location: 11:00

llllllllllll

  • Race: Zerg Zerg
  • League: Master
  • Spawn Location: 5:00

VOD

Have the link to the VOD?

Description

Time

  • Played on: Sept. 19, 2019, 2:47 a.m.
  • Length: 17:26
Show
View Real Time Build Order
Export as new Build Order

NORTHAMERICA Protoss - Winner!

Build Orders: 1 Gate Expand, Oracle Opening, Archon Immortal, Carriers 

Get SALT Encoding   

  12  0:00  Probe  
  13  0:13  Probe  
  14  0:20  Pylon  
  14  0:25  Probe  
  15  0:38  Probe (Chrono Boost)  
  15  0:39  Gateway  
  16  0:49  Probe (Chrono Boost)  
  17  0:50  Assimilator  
  17  0:54  Probe (Chrono Boost)  
  18  1:04  Probe  
  19  1:11  Pylon  
  19  1:16  Probe  
  20  1:25  Nexus  
  20  1:36  Cybernetics Core  
  20  1:39  Probe  
  21  1:46  Assimilator  
  21  1:51  Probe  
  22  1:55  Pylon  
  22  2:04  Probe  
  23  2:10  Adept (Chrono Boost)  
  25  2:16  Probe (Chrono Boost)  
  26  2:25  Stargate, Probe (Chrono Boost)  
  27  2:31  Probe (Chrono Boost)  
  27  2:35  Stalker  
  30  2:37  Probe (Chrono Boost)  
  30  2:42  Warp Gate  
  32  2:48  Probe x2 (Chrono Boost)  
  33  2:52  Probe (Chrono Boost)  
  33  2:54  Probe  
  35  3:04  Probe  
  36  3:06  Probe  
  36  3:08  Oracle (Chrono Boost)  
  40  3:16  Probe  
  40  3:18  Probe  
  40  3:19  Pylon  
  42  3:24  Gateway  
  42  3:28  Probe  
  42  3:31  Probe  
  42  3:32  Assimilator  
  44  3:35  Assimilator  
  44  3:40  Probe  
  44  3:41  Stargate  
  45  3:43  Probe  
  45  3:46  Pylon  
  46  3:52  Probe  
  47  3:55  Pylon, Probe  
  48  4:04  Probe  
  48  4:06  Oracle (Chrono Boost)  
  48  4:08  Probe  
  53  4:16  Probe  
  54  4:18  Pylon  
  54  4:20  Probe  
  55  4:26  Pylon  
  55  4:28  Probe  
  55  4:30  Oracle (Chrono Boost)  
  59  4:32  Probe  
  59  4:37  Adept  
  62  4:40  Probe, Adept  
  62  4:44  Probe  
  66  4:48  Oracle (Chrono Boost)  
  70  4:52  Probe  
  70  4:55  Nexus  
  70  4:56  Pylon  
  73  5:09  Probe  
  73  5:10  Oracle (Chrono Boost)  
  73  5:11  Pylon  
  73  5:12  Probe  
  75  5:15  Adept x2  
  75  5:21  Shield Battery, Oracle (Chrono Boost), Probe  
  79  5:24  Probe  
  84  5:34  Probe  
  84  5:35  Forge  
  84  5:36  Probe  
  84  5:37  Twilight Council  
  85  5:46  Probe  
  85  5:48  Probe  
  83  5:51  Oracle  
  83  5:53  Zealot x2  
  90  5:58  Probe  
  90  6:00  Probe  
  92  6:07  Robotics Facility  
  92  6:08  Protoss Ground Weapons Level 1 (Chrono Boost)  
  92  6:10  Probe x2  
  94  6:12  Probe  
  54  6:18  Charge (Chrono Boost)  
  93  6:20  Zealot x2  
  93  6:22  Probe  
  93  6:23  Probe  
  93  6:24  Probe  
  100  6:34  Probe  
  100  6:35  Probe  
  100  6:36  Templar Archives  
  100  6:37  Gateway  
  100  6:39  Gateway  
  98  6:40  Probe  
  98  6:42  Gateway  
  98  6:46  Photon Cannon  
  99  6:49  Sentry  
  99  6:50  Photon Cannon  
  101  6:56  Probe  
  101  6:57  Zealot  
  101  6:58  Immortal (Chrono Boost)  
  101  6:59  Probe  
  101  7:00  Psionic Storm  
  109  7:01  Assimilator  
  109  7:05  Assimilator  
  109  7:09  Pylon  
  109  7:10  Gateway  
  109  7:11  Gateway  
  107  7:21  High Templar  
  107  7:22  High Templar  
  111  7:28  Photon Cannon  
  111  7:30  Shield Battery  
  111  7:31  Shield Battery  
  111  7:32  Shield Battery  
  111  7:33  Immortal, Photon Cannon  
  111  7:36  Zealot  
  117  7:40  High Templar  
  119  7:49  Zealot  
  121  7:54  Shield Battery  
  121  7:55  Pylon  
  121  7:56  Zealot x2  
  125  8:02  Pylon x2  
  125  8:04  Pylon  
  125  8:13  Immortal  
  125  8:17  Zealot x2  
  133  8:24  High Templar x3  
  133  8:25  High Templar  
  141  8:28  Archon  
  141  8:29  Archon  
  141  8:35  Gateway  
  141  8:37  Gateway  
  141  8:40  Gateway  
  135  8:49  Archon  
  135  8:50  Zealot x3  
  135  8:52  Immortal (Chrono Boost)  
  135  8:58  Zealot x2  
  135  8:59  Zealot  
  120  9:05  Zealot  
  120  9:07  Protoss Ground Weapons Level 2 (Chrono Boost)  
  105  9:12  Zealot x3  
  96  9:20  Zealot x2  
  96  9:21  Zealot  
  96  9:28  Immortal (Chrono Boost)  
  100  9:32  Photon Cannon, High Templar x4  
  100  9:33  High Templar  
  100  9:34  Photon Cannon  
  110  9:44  Photon Cannon x2  
  110  9:54  High Templar x2  
  110  9:57  Nexus  
  110  9:58  Pylon  
  110  9:59  Warp Prism (Chrono Boost)  
  116  10:01  Zealot, Archon  
  116  10:02  Zealot x2  
  116  10:05  Phoenix x2  
  126  10:18  Photon Cannon  
  126  10:19  Photon Cannon  
  126  10:22  Photon Cannon  
  126  10:24  Observer, Shield Battery, High Templar x2  
  126  10:28  Zealot x5  
  133  10:29  Archon  
  133  10:32  High Templar  
  139  10:43  Zealot x2  
  139  10:46  Probe  
  139  10:49  Zealot x3  
  150  10:50  Zealot  
  150  10:52  Pylon, High Templar  
  154  10:58  Assimilator  
  154  11:02  Assimilator  
  154  11:03  Zealot  
  154  11:04  Zealot x3  
  162  11:12  Fleet Beacon  
  162  11:22  High Templar  
  162  11:23  High Templar  
  158  11:31  Zealot x3  
  158  11:32  Zealot x3  
  158  11:49  Immortal  
  158  11:50  Mothership (Chrono Boost)  
  162  12:00  Protoss Air Weapons Level 1 (Chrono Boost)  
  160  12:09  Carrier (Chrono Boost)  
  160  12:10  Carrier (Chrono Boost)  
  160  12:15  Zealot x5  
  160  12:16  Zealot  
  164  12:28  Observer  
  165  12:30  Zealot  
  167  12:41  Stargate  
  167  12:44  Protoss Shields Level 1  
  167  12:49  Warp Prism, Nexus  
  169  12:52  Pylon  
  169  13:00  Carrier (Chrono Boost)  
  175  13:10  Cybernetics Core  
  175  13:12  Zealot x3  
  181  13:13  Photon Cannon  
  181  13:16  Photon Cannon  
  181  13:17  Shield Battery  
  181  13:19  Shield Battery  
  179  13:23  Zealot  
  179  13:29  Shield Battery  
  179  13:33  Pylon  
  178  13:34  Carrier (Chrono Boost)  
  178  13:36  Photon Cannon  
  178  13:41  Probe  
  168  13:42  Probe  
  167  13:56  Carrier (Chrono Boost)  
  167  13:59  Protoss Air Weapons Level 2 (Chrono Boost)  
  161  14:08  High Templar x2, Protoss Air Armor Level 1 (Chrono Boost)  
  161  14:09  High Templar x2  
  169  14:10  High Templar x2  
  169  14:13  Archon  
  169  14:14  Archon x2  
  173  14:21  Zealot  
  175  14:24  Carrier (Chrono Boost)  
  175  14:26  Pylon  
  181  14:43  Carrier  
  185  14:49  Assimilator  
  185  14:51  Carrier (Chrono Boost)  
  191  14:53  Assimilator  
  191  14:57  Zealot x2  
  191  14:58  Zealot x2  
  199  15:19  Zealot x3  
  199  15:20  Zealot x5  
  195  15:26  Carrier (Chrono Boost)  
  179  15:44  Carrier (Chrono Boost)  
  179  15:47  Zealot x3  
  187  16:06  Carrier (Chrono Boost)  
  169  16:19  High Templar  
  169  16:20  High Templar x3  
Show
View Real Time Build Order
Export as new Build Order

llllllllllll Zerg 

Build Orders: Hatch First, Brood Lord Corruptor 

Get SALT Encoding   

  12  0:00  Drone  
  13  0:12  Overlord  
  13  0:16  Drone  
  14  0:30  Drone x2  
  16  0:48  Hatchery  
  15  0:51  Drone  
  15  0:54  Drone  
  17  0:59  Drone  
  18  1:08  Extractor  
  17  1:16  Spawning Pool  
  16  1:24  Drone  
  16  1:25  Drone  
  18  1:28  Drone  
  19  1:41  Drone  
  20  1:50  Overlord  
  20  2:03  Queen x2  
  20  2:05  Zergling x2  
  25  2:10  Metabolic Boost  
  25  2:14  Drone  
  26  2:17  Drone  
  26  2:20  Drone  
  28  2:27  Drone x2  
  30  2:45  Hatchery  
  30  2:48  Pneumatized Carapace  
  30  2:50  Zergling x2  
  30  2:54  Drone  
  30  2:55  Drone  
  32  3:01  Overlord  
  32  3:03  Drone  
  33  3:08  Queen  
  35  3:16  Drone  
  35  3:19  Drone  
  37  3:20  Drone x3  
  37  3:26  Drone x2  
  42  3:28  Drone  
  42  3:33  Drone  
  44  3:39  Overlord  
  44  3:51  Spore Crawler  
  44  3:54  Overlord  
  44  3:55  Drone  
  44  3:56  Overlord, Queen  
  44  3:59  Overlord  
  44  4:01  Drone  
  47  4:03  Queen  
  47  4:04  Drone  
  50  4:10  Evolution Chamber, Spore Crawler  
  50  4:12  Overlord  
  48  4:19  Drone x5  
  48  4:23  Drone  
  54  4:25  Drone x3  
  54  4:28  Drone  
  54  4:31  Extractor  
  57  4:35  Drone x2  
  59  4:39  Zerg Melee Weapons Level 1  
  59  4:42  Spore Crawler  
  58  4:47  Drone x3  
  58  4:49  Zergling x8  
  58  4:50  Zergling x2  
  58  4:51  Zergling x2  
  67  4:56  Lair  
  67  5:05  Zergling x12  
  73  5:11  Overlord  
  73  5:14  Overlord  
  73  5:16  Drone  
  73  5:17  Overlord x2  
  73  5:19  Extractor  
  73  5:20  Extractor  
  72  5:21  Overlord  
  72  5:29  Overlord  
  71  5:40  Drone  
  71  5:41  Drone x8  
  79  5:44  Drone x2  
  79  5:49  Drone  
  80  5:50  Drone x2  
  80  5:51  Drone x3  
  80  5:54  Spore Crawler  
  80  5:55  Spore Crawler  
  83  5:57  Spore Crawler  
  83  6:02  Hydralisk Den  
  83  6:03  Drone  
  83  6:04  Drone x2  
  82  6:11  Queen  
  82  6:13  Spore Crawler  
  78  6:19  Zergling x10  
  83  6:27  Overlord  
  81  6:37  Hydralisk x8  
  96  6:41  Extractor  
  96  6:43  Grooved Spines  
  96  6:45  Overlord  
  95  6:47  Overseer  
  95  6:53  Hydralisk x4  
  103  7:00  Overlord  
  101  7:04  Hydralisk x4  
  109  7:09  Overlord  
  109  7:14  Zergling x2  
  109  7:16  Baneling Nest  
  109  7:20  Hydralisk x3  
  109  7:21  Overlord  
  114  7:27  Queen  
  116  7:35  Hydralisk x4  
  123  7:44  Hydralisk  
  123  7:45  Hydralisk  
  123  7:48  Zergling x14  
  134  7:57  Zergling x16  
  142  8:03  Baneling x9  
  142  8:04  Baneling x2  
  142  8:05  Baneling  
  142  8:07  Baneling  
  142  8:18  Zergling x14  
  149  8:25  Zergling x6  
  152  8:32  Baneling  
  152  8:33  Baneling x12  
  152  8:37  Drone  
  152  8:38  Drone x2  
  141  8:46  Drone x8  
  125  8:55  Hydralisk  
  125  8:57  Zergling x4  
  120  9:04  Hydralisk  
  120  9:07  Hydralisk x2  
  112  9:12  Hydralisk x2  
  112  9:16  Hydralisk  
  106  9:21  Hydralisk  
  106  9:22  Drone  
  106  9:24  Muscular Augments  
  99  9:28  Hydralisk x3  
  98  9:31  Queen  
  98  9:32  Zerg Melee Weapons Level 2  
  98  9:33  Extractor  
  97  9:40  Hydralisk x3  
  103  9:53  Hatchery  
  102  10:00  Hatchery x2  
  102  10:01  Hydralisk  
  102  10:02  Hydralisk x4  
  102  10:03  Zergling x4  
  102  10:06  Zergling x4  
  114  10:14  Drone  
  115  10:17  Zergling x2  
  116  10:28  Baneling x3  
  116  10:29  Baneling x2  
  116  10:30  Drone  
  116  10:32  Drone  
  116  10:33  Infestation Pit  
  116  10:34  Drone x9  
  126  10:42  Spore Crawler  
  125  10:48  Baneling x2, Centrifical Hooks  
  126  11:02  Zergling x2  
  127  11:04  Spire, Hatchery  
  127  11:06  Zergling x28  
  139  11:16  Spine Crawler x2  
  139  11:17  Spine Crawler  
  136  11:18  Zergling x2  
  136  11:19  Zergling x8  
  136  11:20  Zergling x6  
  136  11:21  Extractor  
  136  11:24  Overlord  
  143  11:25  Extractor  
  143  11:27  Baneling x2, Drone, Overlord  
  143  11:29  Zergling x2  
  143  11:31  Zergling x2  
  145  11:33  Overlord  
  145  11:34  Zergling x2  
  139  11:40  Hive  
  139  11:44  Baneling x4  
  139  11:45  Baneling x5  
  139  11:54  Overlord  
  139  11:56  Drone  
  139  11:58  Drone x3  
  139  11:59  Overlord  
  139  12:00  Zergling x6  
  141  12:01  Baneling x4  
  141  12:07  Zergling x4  
  142  12:10  Drone x3  
  142  12:15  Spine Crawler  
  142  12:16  Drone x2, Spine Crawler  
  142  12:29  Queen  
  144  12:40  Overseer  
  144  12:55  Adrenal Glands, Greater Spire  
  144  13:03  Corruptor x2, Zergling x2  
  144  13:04  Corruptor x2  
  144  13:05  Corruptor  
  155  13:07  Baneling x2  
  155  13:10  Zergling x6  
  155  13:12  Zerg Melee Weapons Level 3  
  157  13:15  Baneling  
  157  13:16  Baneling x2  
  153  13:36  Corruptor  
  153  13:37  Overlord  
  153  13:41  Drone x2  
  149  13:42  Drone x3  
  152  13:53  Corruptor  
  151  14:06  Brood Lord x5, Spore Crawler x2  
  151  14:07  Spore Crawler x2  
  151  14:08  Spore Crawler  
  156  14:10  Spine Crawler  
  156  14:11  Spine Crawler  
  154  14:21  Extractor x2  
  154  14:22  Brood Lord  
  154  14:23  Drone, Infestor x4  
  163  14:25  Pathogen Glands  
  163  14:27  Zerg Flyer Weapons Level 1  
  163  14:35  Corruptor x3  
  163  14:36  Infestor x3  
  175  14:52  Overlord  
  175  14:53  Corruptor x5  
  185  15:04  Overlord  
  182  15:11  Overseer x2  
  167  15:30  Corruptor x2, Zergling x4  
  167  15:32  Corruptor  
  165  15:43  Corruptor  
  167  15:50  Corruptor  
  167  15:51  Corruptor, Drone  
  167  15:53  Zergling x28  
  167  16:05  Hatchery  
Tags
 
Add a new tag
Caveats
  • Supply blocks, unpowered buildings, or Contaminate may cause inaccurate times.
  • Supply counts are checked every 10 seconds.